 Dungeon Crawl Stone Soup version 0.18-a0-952-g309898a (webtiles) character file.

24676 M4edhros the Covert (level 13, -3/64 HPs)
             Began as an Octopode Artificer on Dec 30, 2015.
             Was a High Priest of Okawaru.
             Slain by a five-headed hydra (8 damage)
             ... on level 6 of the Lair of Beasts.
             The game lasted 00:46:12 (17917 turns).

M4edhros the Covert (Octopode Artificer)           Turns: 17917, Time: 00:46:12

Health: -3/64      AC:  3    Str: 12    XL:     13   Next: 14%
Magic:  20/20      EV: 20    Int: 19    God:    Okawaru [*****.]
Gold:   1303       SH:  5    Dex: 13    Spells: 2 memorised, 10 levels left

rFire  . . .     SeeInvis +     L - +4 greatsling "Fiwn" {flame, MR++}
rCold  . . .     Gourm    .     D - +0 buckler {rN+}
rNeg   + . .     Faith    .     (helmet restricted)
rPois  +         Spirit   .     a - amulet of regeneration
rElec  .         Dismiss  .     y - +2 ring of evasion
rCorr  .         Reflect  .     E - ring of see invisible
SustAt .         Harm     .     o - ring of protection from magic
MR     ++++.     Rnd*Rage +     s - ring of poison resistance
Stlth  +++++++...               (no ring)
                                (no ring)
                                (no ring)
                                (no ring)

@: incredibly resistant to hostile enchantments, extremely stealthy
A: almost no armour, amphibious, 8 rings, constrict 8, tentacle spike 2, slimy
green scales 1, camouflage 1, berserk 1, blurry vision 1, frail 1, magic
resistance 1, strong 1, gelatinous body 1
a: Heroism, Finesse, Renounce Religion


You were on level 6 of the Lair of Beasts.
You worshipped Okawaru.
Okawaru was extremely pleased with you.
You were not hungry.

You visited 2 branches of the dungeon, and saw 18 of its levels.

You collected 1303 gold pieces.

Inventory:

Hand Weapons
 n - the +4 long sword of Karma {flame, +Blink rF++}
   (You found it on level 2 of the Lair of Beasts)

   It has been specially enchanted to burn those struck by it, causing extra
   injury to most foes and up to half again as much damage against particularly
   susceptible opponents.
   Big, fiery blades are also staple armaments of hydra-hunters.
   It greatly protects you from fire.
   It lets you blink.
 K - a +3 trident of venom
 L - the +4 greatsling "Fiwn" (weapon) {flame, MR++}
   (Okawaru gifted it to you on level 12 of the Dungeon)

   It causes projectiles fired from it to burn those they strike, causing extra
   injury to most foes and up to half again as much damage against particularly
   susceptible opponents.
   It affects your resistance to hostile enchantments.
Missiles
 e - 435 stones (quivered)
 t - 42 sling bullets
 C - 16 exploding sling bullets
 U - 17 steel sling bullets
 Y - 43 sling bullets of frost
Armour
 D - a +0 buckler of positive energy (worn)
Jewellery
 a - an amulet of regeneration (around mantle)
 k - an uncursed amulet of guardian spirit
 o - a ring of protection from magic (on tentacle)
 q - an uncursed ring of teleportation
 s - a ring of poison resistance (on tentacle)
 y - a +2 ring of evasion (left tentacle)
 E - a ring of see invisible (right tentacle)
 N - an uncursed amulet of rage
Wands
 j - a wand of cold (2/15)
 x - a wand of draining (0/15)
 z - a wand of enslavement (11/24)
 F - a wand of enslavement (4/24)
 I - a wand of disintegration (13/24)
 P - a wand of confusion (5/48)
 S - a wand of enslavement (9/24)
 T - a wand of paralysis (8/24)
 X - a wand of confusion (16/48)
 Z - a wand of confusion (23/48)
Scrolls
 c - a scroll of enchant armour
 d - 3 scrolls of teleportation
 m - 8 scrolls of magic mapping
 p - 2 scrolls of recharging
 A - 2 scrolls of enchant weapon
 B - a scroll of blinking
 J - 4 scrolls of fear
Potions
 r - 4 potions of curing
 u - a potion of lignification
 w - a potion of berserk rage
 H - 3 potions of heal wounds
 M - a potion of cancellation
 O - 2 potions of haste
Books
 b - a book of the Earth

   Spells                             Type                      Level
   a - Leda's Liquefaction            Hexes/Earth                  4
   b - Bolt of Magma                  Conjuration/Fire/Earth       5
   c - Statue Form                    Transmutation/Earth          6
   d - Iron Shot                      Conjuration/Earth            6
   e - Shatter                        Earth                        9
Miscellaneous
 Q - a phial of floods (inert)
 V - a legendary deck of summoning {the Dance}
Comestibles
 f - 15 bread rations
 g - 3 slices of pizza
 h - 9 beef jerkies
 i - 4 meat rations
 l - 10 fruits
 v - 2 royal jellies


   Skills:
 - Level 1.0 Fighting
   Level 1.0 Short Blades
 + Level 9.4 Slings
 * Level 11.4 Dodging
 - Level 14.0 Stealth
 * Level 5.4 Shields
 + Level 4.0 Spellcasting
 * Level 4.8 Transmutations
 * Level 4.5 Earth Magic
 + Level 9.3 Evocations


You had 10 spell levels left.
You knew the following spells:

 Your Spells              Type           Power        Failure   Level  Hunger
a - Statue Form           Trmt/Erth      ###......    100%        6    #######
b - Leda's Liquefaction   Hex/Erth       ##........   63%         4    ####...


Dungeon Overview and Level Annotations

Branches:
Dungeon (12/15)              Lair (6/8) D:9           Swamp (0/4) Lair:5
  Snake (0/4) Lair:5
 Temple: D:4-7        Slime: Lair:6-8       Orc: D:9-12

Altars:
Ashenzari
Dithmenos
Elyvilon
Gozag
Makhleb
Okawaru
Pakellas
Qazlal
Trog
Xom
Yredelemnul
Zin
The Shining One

Shops:
D:8 =

Annotations:
D:12 Kirke
Lair:1 exclusion: oklob plant
Lair:3 PeterLawrence's ghost, journeyman GrFi


Innate Abilities, Weirdness & Mutations

You cannot wear most types of armour.
You are amphibious.
You can wear up to eight rings at the same time.
You can use your tentacles to constrict eight enemies at once.
Your skin changes colour to match your surroundings (Stealth).
Your rubbery body absorbs attacks (AC +1).
One of your tentacles bears a nasty spike.
You are partially covered in slimy green scales (AC +2).
You tend to lose your temper in combat.
Scrolls take you a little longer to read.
You are frail (-10% HP).
You are resistant to hostile enchantments.
Your muscles are strong. (Str +2)


Message History

The stone burns the five-headed hydra.
The five-headed hydra is severely wounded.
The five-headed hydra bites you but does no damage.
The five-headed hydra bites you! The five-headed hydra misses you.
The five-headed hydra barely misses you.
The five-headed hydra closely misses you.
Evoke which item? (* to show all) (? for menu, Esc to quit)
Zapping:
x - a wand of draining (1/15)
Press: ? - help, Shift-Dir - straight line, f/p - five-headed hydra
Aim: a five-headed hydra (severely wounded)
The bolt of negative energy hits the five-headed hydra.
The five-headed hydra is drained!
The five-headed hydra is almost dead.
This wand has 0 charges left.
The five-headed hydra misses you. The five-headed hydra bites you! x2
* * * LOW HITPOINT WARNING * * *
The five-headed hydra bites you!
* * * LOW HITPOINT WARNING * * *
The five-headed hydra bites you!
You die...

P...........#
...........# (...#
...........###(...
..........##...(##
.#.......P..#...(##
.P..............(.#
.................#
................D##
.............#..@.#
............#....P##
............##.....#
.............##.P###
...........#.#####
............##
............#
..........P#


You could see a five-headed hydra.

Vanquished Creatures
  Harold (D:12)
  2 hydras
  Nergalle (Lair:1)
  An unseen horror (D:10)
  2 hill giants
  Pikel (D:9)
  An ugly thing (D:10)
  A gargoyle (D:12)
  Psyche (D:8)
  3 black mambas (Lair:4)
  5 spiny frogs
  3 komodo dragons
  3 trolls
  A two-headed ogre (D:8)
  3 blink frogs (Lair:3)
  A fire drake (Lair:5)
  A trapdoor spider zombie (D:9)
  2 orc warriors
  A trapdoor spider (D:10)
  3 wyverns
  2 basilisks
  19 yaks
  3 hogs (D:12)
  3 hungry ghosts
  2 wolves (D:9)
  A soldier ant (D:11)
  4 hippogriffs
  2 mottled dragons
  3 nagas (Lair:5)
  8 porcupines
  2 sky beasts
  10 water moccasins
  3 slaves (D:8)
  5 centaurs
  5 ice beasts
  5 phantoms
  6 ogres
  11 crocodiles
  2 gnoll sergeants (D:10)
  2 big kobolds (D:10)
  2 wyvern skeletons
  12 giant frogs
  3 electric eels
  3 centaur zombies
  2 crimson imps
  3 killer bees (D:7)
  9 hounds
  A quasit (D:7)
  A centaur skeleton (D:9)
  6 orc priests
  3 giant frog zombies
  A jelly (D:10)
  3 giant frog skeletons
  5 orc wizards
  4 sheep (Lair:1)
  8 worker ants
  3 iguanas
  A killer bee zombie (D:9)
  A river rat (Lair:2)
  A worker ant zombie (D:6)
  15 adders
  4 gnolls (D:2)
  2 shadow imps
  2 oozes
  An adder zombie (D:7)
  2 adder skeletons
  5 worms
  5 giant geckos
  35 orcs
  4 bats
  4 goblins
  4 hobgoblins
  12 jackals
  11 kobolds
  5 quokkas
  3 ball pythons
  9 giant cockroaches
  2 giant newts
  2 quokka skeletons
  A quokka zombie (D:6)
  4 rats
339 creatures vanquished.

Vanquished Creatures (collateral kills)
  A yak (D:6)
  A centaur (D:7)
  A phantom (D:6)
  An adder zombie (D:9)
4 creatures vanquished.

Vanquished Creatures (others)
  A yak (D:6)
  A wolf (D:9)
  An electric eel (Lair:5)
  A crimson imp (D:6)
  2 orcs (D:4)
  2 jackals
8 creatures vanquished.

Grand Total: 351 creatures vanquished

Notes
Turn   | Place    | Note
--------------------------------------------------------------
     0 | D:1      | M4edhros the Octopode Artificer began the quest for the Orb.
     0 | D:1      | Reached XP level 1. HP: 13/13 MP: 3/3
   368 | D:1      | Reached XP level 2. HP: 4/18 MP: 4/4
   790 | D:2      | Reached XP level 3. HP: 21/23 MP: 5/5
   939 | D:4      | Reached skill level 4 in Stealth
   939 | D:4      | Reached XP level 4. HP: 28/28 MP: 6/6
  1212 | D:4      | Found an iron altar of Okawaru.
  1591 | D:4      | Reached XP level 5. HP: 8/33 MP: 8/8
  1953 | D:4      | Noticed an ogre
  1958 | D:4      | Killed an ogre
  1958 | D:4      | Reached skill level 5 in Stealth
  1958 | D:4      | Reached XP level 6. HP: 34/38 MP: 9/9
  2130 | D:4      | Became a worshipper of Warmaster Okawaru
  2808 | D:2      | Found a shattered altar of Ashenzari.
  3205 | D:3      | Found a glowing golden altar of the Shining One.
  3255 | D:3      | Reached skill level 5 in Evocations
  3440 | D:3      | Reached skill level 6 in Stealth
  3636 | D:5      | Entered Level 5 of the Dungeon
  3718 | D:5      | Found a shimmering altar of Xom.
  3795 | D:5      | Reached XP level 7. HP: 43/43 MP: 10/10
  4001 | D:5      | Reached skill level 7 in Stealth
  4048 | D:5      | Found a basalt altar of Yredelemnul.
  4170 | D:5      | Found a shadowy altar of Dithmenos.
  4173 | D:5      | Found a stormy altar of Qazlal.
  4176 | D:5      | Found a bloodstained altar of Trog.
  4223 | D:5      | Reached * piety under Okawaru
  4223 | D:5      | Reached skill level 5 in Dodging
  4530 | D:6      | Reached skill level 1 in Slings
  4530 | D:6      | Reached XP level 8. HP: 48/48 MP: 12/12
  4625 | D:6      | Reached skill level 8 in Stealth
  4662 | D:6      | Reached ** piety under Okawaru
  4668 | D:6      | Reached skill level 9 in Stealth
  5205 | D:6      | Was placed under penance by Okawaru
  5220 | D:6      | Reached XP level 9. HP: 17/53 MP: 8/13
  5635 | D:6      | Noticed an orc knight
  5635 | D:6      | Noticed a stone giant
  5773 | D:6      | Was forgiven by Okawaru
  5773 | D:6      | Reached skill level 10 in Stealth
  6886 | D:7      | Reached skill level 5 in Slings
  6914 | D:7      | Reached skill level 11 in Stealth
  7550 | D:8      | Noticed Pikel
  7623 | D:8      | Noticed Psyche
  7631 | D:8      | Killed Psyche
  7631 | D:8      | Reached *** piety under Okawaru
  7631 | D:8      | Reached XP level 10. HP: 45/58 MP: 15/15
  7844 | D:8      | Found a glowing silver altar of Zin.
  7844 | D:8      | Found a burning altar of Makhleb.
  7845 | D:8      | Noticed a blizzard demon
  7845 | D:8      | Noticed an angel
  7954 | D:8      | Found a white marble altar of Elyvilon.
  8002 | D:8      | Found an oddly glowing altar of Pakellas.
  8016 | D:8      | Found Ximiel's Jewellery Boutique.
  8625 | D:9      | Found a basalt altar of Yredelemnul.
  8689 | D:9      | Found an opulent altar of Gozag.
  8889 | D:9      | Reached skill level 12 in Stealth
  8996 | D:9      | Reached **** piety under Okawaru
  9015 | D:9      | Killed Pikel
  9051 | D:9      | Found a staircase to the Lair.
  9646 | D:10     | Entered Level 10 of the Dungeon
  9767 | D:10     | Received a gift from Okawaru
  9881 | D:10     | Learned a level 6 spell: Statue Form
  9961 | D:10     | Reached XP level 11. HP: 51/63 MP: 17/17
 10121 | D:10     | Noticed a hill giant
 10141 | D:10     | Killed a hill giant
 10141 | D:10     | Reached ***** piety under Okawaru
 10141 | D:10     | Reached skill level 13 in Stealth
 10141 | D:10     | Reached skill level 1 in Spellcasting
 10348 | D:10     | Noticed an unseen horror
 10358 | D:10     | Killed an unseen horror
 10829 | D:11     | Received a gift from Okawaru
 11096 | D:11     | Received a gift from Okawaru
 11422 | D:11     | Reached skill level 1 in Shields
 11662 | D:11     | Received a gift from Okawaru
 11676 | D:11     | Reached skill level 10 in Dodging
 11682 | D:11     | Gained mutation: You tend to lose your temper in combat. [mutagenic meat]
 11683 | D:11     | Gained mutation: One of your tentacles bears a spike. [mutagenic meat]
 11684 | D:11     | Gained mutation: You are frail (-10% HP). [mutagenic meat]
 11685 | D:11     | Gained mutation: One of your tentacles bears a nasty spike. [mutagenic meat]
 11686 | D:11     | Gained mutation: Scrolls take you a little longer to read. [mutagenic meat]
 12020 | D:12     | Noticed a hill giant
 12034 | D:12     | Killed a hill giant
 12140 | D:12     | Received a gift from Okawaru
 12146 | D:12     | Got an ancient greatsling {god gift}
 12147 | D:12     | Identified the +4 greatsling "Fiwn" {flame, MR++} (Okawaru gifted it to you on level 12 of the Dungeon)
 12157 | D:12     | Noticed Harold
 12176 | D:12     | Killed Harold
 12307 | D:12     | Gained mutation: Your muscles are strong. (Str +2) [mutagenic meat]
 12394 | D:12     | Noticed Kirke
 12602 | D:12     | Reached XP level 12. HP: 50/61 MP: 18/18
 12612 | D:12     | Reached skill level 14 in Stealth
 12743 | Lair:1   | Entered Level 1 of the Lair of Beasts
 12814 | Lair:1   | Learned a level 4 spell: Leda's Liquefaction
 13179 | Lair:1   | Reached skill level 1 in Transmutations
 13195 | Lair:1   | Reached skill level 1 in Earth Magic
 13398 | Lair:1   | Noticed Nergalle
 13420 | Lair:1   | Killed Nergalle
 13923 | Lair:2   | Got a dazzling long sword
 13924 | Lair:2   | Identified the +4 long sword of Karma {flame, +Blink rF++} (You found it on level 2 of the Lair of Beasts)
 14064 | Lair:2   | Noticed a five-headed hydra
 14538 | Lair:2   | Killed a five-headed hydra
 15118 | Lair:3   | Noticed PeterLawrence's ghost (journeyman GrFi)
 15476 | Lair:4   | Found an opulent altar of Gozag.
 15836 | Lair:4   | Received a gift from Okawaru
 16560 | Lair:5   | Noticed a six-headed hydra
 16569 | Lair:5   | Killed a six-headed hydra
 16621 | Lair:5   | Reached skill level 5 in Shields
 16624 | Lair:5   | Reached XP level 13. HP: 52/64 MP: 19/19
 16830 | Lair:5   | Found a staircase to the Swamp.
 17047 | Lair:5   | Found a staircase to the Snake Pit.
 17853 | Lair:6   | Gained mutation: You are resistant to hostile enchantments. [potion of mutation]
 17853 | Lair:6   | Gained mutation: You are partially covered in slimy green scales (AC +2). [potion of mutation]
 17917 | Lair:6   | Slain by a five-headed hydra

Vault maps used:
D:1:      minmay_arrival_widening_spiral_wide
D:2:      ashenzari_altar_1
D:3:      lemuel_round_altar, roderic_lattice_a, columned_hall_lemuel
D:4:      lemuel_crystal_altar, first_bread, kennysheep_generic_room_4
D:5:      grunt_temple_overflow_diamond, nicolae_overflow_hidden_temple,
          lemuel_coloured_pillars_altar, nicolae_sextant
D:6:      minmay_temple_entry_trees, minmay_joined_circles
D:7:      grunt_ogre_cave, minivault_27
D:8:      grunt_temple_overflow_order_and_chaos_2, elyvilon_altar_3,
          johnstein_pakellas_death_squad, serial_shops, nicolae_shop_waterfront,
          uniq_psyche, uniq_pikel
D:9:      nicolae_gozag_seed_capital, erik_lair_island,
          yredelemnul_altar_generic
D:10:     onia_ninara_cookie
D:12:     orc_0_dummy, uniq_kirke, uniq_harold, uniq_rupert
Lair:1:   lemuel_slime, serial_bayou_pond_a, grunt_forest_small_clearings,
          serial_bayou_pond_c, uniq_nergalle
Lair:2:   guppyfry_lair_drakes
Lair:4:   basic_altar, grunt_megastairs_3, infiniplex_staircase_pool_2,
          serial_bayou_shore_b
Lair:5:   swamp_mist_pool, minmay_snake_entry_guardpost_small,
          serial_bayou_shore_a, serial_bayou_shore_b, infiniplex_staircase_pool
Lair:6:   serial_bayou_shore_b

Action                   |  1- 3 |  4- 6 |  7- 9 | 10-12 | 13-15 || total
-------------------------+-------+-------+-------+-------+-------++-------
Melee: Short sword       |    43 |   134 |    53 |   186 |       ||   416
       Unarmed           |       |       |     4 |       |       ||     4
       Long sword        |       |       |       |     3 |       ||     3
       Trident           |       |       |       |     2 |       ||     2
 Fire: Hunting sling     |       |       |   362 |   427 |       ||   789
       Greatsling        |       |       |       |   433 |   109 ||   542
Invok: Heroism           |       |       |     2 |     3 |       ||     5
Evoke: Wand              |     6 |    16 |    27 |    26 |     1 ||    76
       Phial of floods   |       |       |       |     1 |       ||     1
  Use: Scroll            |       |       |     9 |    15 |     2 ||    26
       Potion            |       |       |     5 |    11 |     2 ||    18
 Stab: Sleeping          |     6 |    19 |     7 |     7 |       ||    39
       Distracted        |     1 |       |     1 |     1 |       ||     3
       Confused          |       |       |       |     8 |       ||     8
  Eat: Chunk             |       |     9 |     9 |    16 |       ||    34
       Meat ration       |       |       |     1 |     4 |     1 ||     6
